[Event "Int SVK-ch Open 2020"]
[Site "Drienica"]
[Date "2020.08.09"]
[Round "3.1"]
[White "Stevik, Patrik"]
[Black "Bures, Jaroslav"]
[Result "0-1"]
[ECO "A48"]
[WhiteElo "2047"]
[BlackElo "2386"]
[Annotator "RC"]
[PlyCount "70"]
[EventDate "2020.08.07"]
[EventType "swiss"]
[EventCountry "SVK"]
[SourceTitle "playchess.com"]
[Source "ChessBase"]
[SourceQuality "1"]
[TimeControl "40/5400+30:1800+30"]

1. d4 Nf6 2. Bf4 g6 3. Nf3 Bg7 4. Nbd2 d6 5. e3 Nfd7 6. Bd3 e5 7. Bg5 f6 8. Bh4 O-O 9. c3 Qe8 10. Qb3+ Kh8 11. g4 Nc6 12. O-O-O Nb6 13. h3 f5 14. gxf5 gxf5 15. dxe5 dxe5 16. e4 Be6 17. Qc2 f4 18. Rhg1 a5 19. Bb5 a4 20. Rxg7 Kxg7 21. Rg1+ Kh8 22. Nxe5 Qh5 23. Bxc6 Qxh4 24. Ndf3 Qf6 25. Bxb7 Ra5 26. Nc6 Rh5 27. Ncd4 Bxa2 28. h4 c5 29. Nf5 Rb8 30. Ba6 Rxf5 31. exf5 Nd5 32. Qe4 a3 33. b3 Qxc3+ 34. Qc2 Rxb3 35. Nd2 Qa1+ 0-1

[Event "Int SVK-ch Open 2020"]
[Site "Drienica"]
[Date "2020.08.09"]
[Round "3.1"]
[White "Hudak, Vasil"]
[Black "Elias, David"]
[Result "0-1"]
[ECO "B33"]
[WhiteElo "1997"]
[BlackElo "1781"]
[Annotator "ChessBase"]
[PlyCount "66"]
[EventDate "2020.08.07"]
[EventType "swiss"]
[EventCountry "SVK"]
[SourceTitle "playchess.com"]
[Source "ChessBase"]
[SourceQuality "1"]
[TimeControl "40/5400+30:1800+30"]

1. Nf3 c5 2. e4 Nc6 3. d4 cxd4 4. Nxd4 Nf6 5. Nc3 g6 6. Be3 Bg7 7. f3 O-O 8. Qd2 d5 9. Nxc6 bxc6 10. O-O-O Qc7 11. exd5 Nxd5 12. Bd4 e5 13. Bc5 Rd8 14. Ne4 f5 15. Nd6 Rxd6 16. Bxd6 Qxd6 17. c4 Qf8 18. Kb1 Nf6 19. Qa5 f4 20. Bd3 Ne8 21. Rhe1 Bf5 22. Be4 Nd6 23. Qa6 Nxe4 24. fxe4 Bg4 25. Rd3 Qc5 26. Qb7 Rf8 27. h3 Bc8 28. Qc7 Qf2 29. Red1 Qxg2 30. Rd8 Qxe4+ 31. Ka1 Bf5 32. b3 Qc2 33. Qa5 e4+ 0-1

[Event "Int SVK-ch Open 2020"]
[Site "Drienica"]
[Date "2020.08.09"]
[Round "3.2"]
[White "Czebe, Attila"]
[Black "Ihnat, Marek"]
[Result "1-0"]
[ECO "A15"]
[WhiteElo "2378"]
[BlackElo "2065"]
[Annotator "ChessBase"]
[PlyCount "59"]
[EventDate "2020.08.07"]
[EventType "swiss"]
[EventCountry "SVK"]
[SourceTitle "playchess.com"]
[Source "ChessBase"]
[SourceQuality "1"]
[TimeControl "40/5400+30:1800+30"]

1. Nf3 Nf6 2. g3 g6 3. Bg2 Bg7 4. O-O O-O 5. c4 d5 6. cxd5 Nxd5 7. d3 Nc6 8. a3 h6 9. Nc3 Nb6 10. d4 Kh7 11. d5 Na5 12. Qc2 e6 13. b4 Nxd5 14. bxa5 Nxc3 15. Bb2 Nd5 16. Bxg7 Kxg7 17. e4 Nf6 18. Ne5 Qe7 19. Rfc1 Ne8 20. a6 b6 21. Nc6 Qg5 22. e5 Bd7 23. h4 Qg4 24. Rd1 Bxc6 25. Qxc6 Rb8 26. Rd7 Kg8 27. Re1 h5 28. Kh2 Qf5 29. Rd2 g5 30. Be4 1-0

[Event "Int SVK-ch Open 2020"]
[Site "Drienica"]
[Date "2020.08.09"]
[Round "3.2"]
[White "Lehocz, Jozsef"]
[Black "Kukan, Michal"]
[Result "1-0"]
[ECO "B00"]
[WhiteElo "1959"]
[BlackElo "1769"]
[Annotator "ChessBase"]
[PlyCount "83"]
[EventDate "2020.08.07"]
[EventType "swiss"]
[EventCountry "SVK"]
[SourceTitle "playchess.com"]
[Source "ChessBase"]
[SourceQuality "1"]
[TimeControl "40/5400+30:1800+30"]

1. e4 d6 2. d4 g6 3. c4 Bg7 4. Nc3 e6 5. Be3 Nf6 6. Bd3 O-O 7. f3 e5 8. d5 Nbd7 9. Qd2 a6 10. Nge2 Re8 11. g4 h5 12. Bg5 h4 13. O-O-O Nc5 14. Kb1 Kh7 15. Qe1 Rh8 16. Bxh4 Qe8 17. Bc2 b5 18. b4 Na4 19. Nxa4 bxa4 20. Bg5 c5 21. bxc5 Rb8+ 22. Ka1 dxc5 23. Rb1 Rxb1+ 24. Qxb1 Qd8 25. Bxa4 Qa5 26. Qc2 Bd7 27. Bxd7 Nxd7 28. Bd2 Qc7 29. h4 f6 30. h5 Kg8 31. Ng3 gxh5 32. gxh5 Kf7 33. h6 Bf8 34. Nf5 Qa7 35. Qa4 Nb8 36. Qa5 Rg8 37. Be3 Nd7 38. Rb1 Rg2 39. h7 Bg7 40. Qd8 Nf8 41. Nd6+ Kg6 42. h8=Q 1-0

[Event "Int SVK-ch Open 2020"]
[Site "Drienica"]
[Date "2020.08.09"]
[Round "3.3"]
[White "Panko, Radoslav"]
[Black "Manik, Mikulas"]
[Result "1/2-1/2"]
[ECO "A45"]
[WhiteElo "2025"]
[BlackElo "2366"]
[Annotator "ChessBase"]
[PlyCount "40"]
[EventDate "2020.08.07"]
[EventType "swiss"]
[EventCountry "SVK"]
[SourceTitle "playchess.com"]
[Source "ChessBase"]
[SourceQuality "1"]
[TimeControl "40/5400+30:1800+30"]

1. d4 Nf6 2. Bg5 Ne4 3. Bf4 c5 4. f3 Qa5+ 5. c3 Nf6 6. d5 e6 7. e4 exd5 8. exd5 d6 9. Na3 Be7 10. Nc4 Qc7 11. a4 O-O 12. Kf2 Nh5 13. Be3 f5 14. g3 Nd7 15. Nh3 b6 16. Bg5 Ndf6 17. Ne3 Bd7 18. Kg2 g6 19. Bh6 Rfe8 20. Qd2 Bf8 1/2-1/2

[Event "Int SVK-ch Open 2020"]
[Site "Drienica"]
[Date "2020.08.09"]
[Round "3.3"]
[White "Skovran, Jaroslav"]
[Black "Furman, Slavomir"]
[Result "1/2-1/2"]
[ECO "C42"]
[WhiteElo "1975"]
[BlackElo "1754"]
[Annotator "ChessBase"]
[PlyCount "77"]
[EventDate "2020.08.07"]
[EventType "swiss"]
[EventCountry "SVK"]
[SourceTitle "playchess.com"]
[Source "ChessBase"]
[SourceQuality "1"]
[TimeControl "40/5400+30:1800+30"]

1. e4 e5 2. Nf3 Nf6 3. Nxe5 d6 4. Nf3 Nxe4 5. Nc3 Nxc3 6. dxc3 Be7 7. Be3 Nc6 8. Qd2 Be6 9. Be2 Qd7 10. h3 h6 11. Bb5 a6 12. Bd3 Bf6 13. Nd4 Nxd4 14. cxd4 Bf5 15. O-O-O Bxd3 16. Qxd3 O-O-O 17. d5 Rde8 18. Kb1 Re7 19. Rd2 Rhe8 20. Rc1 Qb5 21. c4 Qa5 22. Rdc2 Kb8 23. a3 Bg5 24. Bxg5 hxg5 25. c5 Re5 26. Ka2 Qb5 27. Qxb5 axb5 28. cxd6 cxd6 29. Rc7 R8e7 30. Rxe7 Rxe7 31. Rc2 Re5 32. Rd2 Kc7 33. Kb3 Kb6 34. Kb4 Re4+ 35. Kc3 Rc4+ 36. Kd3 Kc5 37. Re2 Kxd5 38. Re7 Rf4 39. f3 1/2-1/2

[Event "Int SVK-ch Open 2020"]
[Site "Drienica"]
[Date "2020.08.09"]
[Round "3.4"]
[White "Varga, Lukas"]
[Black "Istona, Martin"]
[Result "0-1"]
[ECO "B54"]
[WhiteElo "2040"]
[BlackElo "2267"]
[Annotator "ChessBase"]
[PlyCount "52"]
[EventDate "2020.08.07"]
[EventType "swiss"]
[EventCountry "SVK"]
[SourceTitle "playchess.com"]
[Source "ChessBase"]
[SourceQuality "1"]
[TimeControl "40/5400+30:1800+30"]

1. e4 c5 2. Nf3 d6 3. d4 cxd4 4. Nxd4 e6 5. Nc3 a6 6. Be2 Ne7 7. Be3 Nec6 8. Nb3 Be7 9. a4 O-O 10. Qd2 Nd7 11. O-O-O Qc7 12. f4 Nc5 13. Kb1 Nxb3 14. cxb3 Bd7 15. g4 Na5 16. Qc2 Rfc8 17. Rc1 Qd8 18. b4 Nc4 19. Bf2 d5 20. Bf3 Bxb4 21. exd5 Na3+ 22. bxa3 Rxc3 23. Qe4 Rb3+ 24. Ka2 Rxa3+ 25. Kb2 Rxa4 26. Rc4 Qa5 0-1

[Event "Int SVK-ch Open 2020"]
[Site "Drienica"]
[Date "2020.08.09"]
[Round "3.4"]
[White "Svobodova, Michaela"]
[Black "Malinovsky, Jozef"]
[Result "1-0"]
[ECO "B28"]
[WhiteElo "1964"]
[BlackElo "1698"]
[Annotator "ChessBase"]
[PlyCount "93"]
[EventDate "2020.08.07"]
[EventType "swiss"]
[EventCountry "SVK"]
[SourceTitle "playchess.com"]
[Source "ChessBase"]
[SourceQuality "1"]
[TimeControl "40/5400+30:1800+30"]

1. e4 c5 2. Nf3 a6 3. c4 Nc6 4. d4 cxd4 5. Nxd4 e5 6. Nf3 Nf6 7. Nc3 Bb4 8. Bd3 d6 9. Bd2 Bg4 10. h3 Bh5 11. a3 Bxc3 12. Bxc3 O-O 13. g4 Bg6 14. Qe2 Qc7 15. Nh4 Nd7 16. Rd1 Nc5 17. Bc2 Ne6 18. Nf5 Rad8 19. h4 f6 20. Rd2 Rd7 21. Qd1 Bxf5 22. gxf5 Ned4 23. h5 h6 24. Rg1 Rff7 25. Bb1 Qb6 26. c5 dxc5 27. Ba2 Kf8 28. Bxf7 Rxf7 29. Rd3 Qb3 30. Qxb3 Nxb3 31. Bxe5 Nxe5 32. Rxb3 c4 33. Rc3 b5 34. Ke2 Nd3 35. b3 Rc7 36. Rd1 Rd7 37. Ke3 Ke7 38. bxc4 bxc4 39. Rxc4 Ne5 40. Rxd7+ Kxd7 41. Rc1 Ng4+ 42. Kd4 Ne5 43. Kd5 Nd3 44. Rh1 a5 45. Kd4 Ne5 46. f4 Nc6+ 47. Kc5 1-0

[Event "Int SVK-ch Open 2020"]
[Site "Drienica"]
[Date "2020.08.09"]
[Round "3.5"]
[White "Garancovsky, Pavol"]
[Black "Kolesar, Milan"]
[Result "1/2-1/2"]
[ECO "B57"]
[WhiteElo "2027"]
[BlackElo "2186"]
[Annotator "NA"]
[PlyCount "33"]
[EventDate "2020.08.07"]
[EventType "swiss"]
[EventCountry "SVK"]
[SourceTitle "playchess.com"]
[Source "ChessBase"]
[SourceQuality "1"]
[TimeControl "40/5400+30:1800+30"]

1. e4 c5 2. Nf3 d6 3. d4 cxd4 4. Nxd4 Nf6 5. Nc3 Nc6 6. Bc4 Qb6 7. Nb3 e6 8. f4 a6 9. Qe2 Qc7 10. a4 Be7 11. Be3 Nb4 12. O-O-O d5 13. exd5 exd5 14. Bxd5 $11 Nbxd5 15. Rxd5 Be6 16. Rd4 O-O 17. f5 1/2-1/2

[Event "Int SVK-ch Open 2020"]
[Site "Drienica"]
[Date "2020.08.09"]
[Round "3.5"]
[White "Panko, Eduard"]
[Black "Budjac, Martin"]
[Result "0-1"]
[ECO "A00"]
[WhiteElo "1991"]
[BlackElo "1511"]
[Annotator "ChessBase"]
[PlyCount "52"]
[EventDate "2020.08.07"]
[EventType "swiss"]
[EventCountry "SVK"]
[SourceTitle "playchess.com"]
[Source "ChessBase"]
[SourceQuality "1"]
[TimeControl "40/5400+30:1800+30"]

1. c3 d5 2. d3 g6 3. Bf4 Nf6 4. Nf3 Bg7 5. h3 O-O 6. Qd2 Re8 7. Na3 a6 8. Ne5 Nbd7 9. e3 Nxe5 10. Bxe5 c5 11. Be2 Bh6 12. g4 Nd7 13. Bf4 Bxf4 14. exf4 e5 15. fxe5 Nxe5 16. O-O-O b5 17. f4 b4 18. cxb4 cxb4 19. Qxb4 Nc6 20. Qc5 Rxe2 21. Qxc6 Bxg4 22. Qa4 Qb6 23. Nc2 Rc8 24. hxg4 Qf2 25. Kb1 Rcxc2 26. Rd2 Rcxd2 0-1

[Event "Int SVK-ch Open 2020"]
[Site "Drienica"]
[Date "2020.08.09"]
[Round "3.6"]
[White "Priechodsky, Radovan"]
[Black "Bochnicka, Vladimir"]
[Result "1/2-1/2"]
[ECO "D02"]
[WhiteElo "1975"]
[BlackElo "2123"]
[Annotator "RC"]
[PlyCount "65"]
[EventDate "2020.08.07"]
[EventType "swiss"]
[EventCountry "SVK"]
[SourceTitle "playchess.com"]
[Source "ChessBase"]
[SourceQuality "1"]
[TimeControl "40/5400+30:1800+30"]

1. d4 Nf6 2. Nf3 d5 3. Bf4 c5 4. c3 Nc6 5. e3 Qb6 6. Qb3 c4 7. Qc2 Bf5 8. Qc1 h6 9. h3 e6 10. Nbd2 Qd8 11. b3 b5 12. Be2 Be7 13. Ne5 Nxe5 14. Bxe5 O-O 15. O-O Bd6 16. Bxd6 Qxd6 17. a4 a6 18. axb5 axb5 19. Qb2 Qc6 20. b4 Nd7 21. Rxa8 Rxa8 22. Ra1 Ra6 23. Ra5 Rxa5 24. bxa5 Nb8 25. Nb1 Bxb1 26. Qxb1 Qb7 27. Qb4 Nc6 28. Qd6 g6 29. Bd1 Kg7 30. h4 Nxa5 31. h5 gxh5 32. Qe5+ Kf8 33. Qd6+ 1/2-1/2

[Event "Int SVK-ch Open 2020"]
[Site "Drienica"]
[Date "2020.08.09"]
[Round "3.6"]
[White "Paluska, Karol"]
[Black "Hlavac, Peter"]
[Result "1/2-1/2"]
[ECO "A43"]
[WhiteElo "1873"]
[BlackElo "1952"]
[Annotator "ChessBase"]
[PlyCount "137"]
[EventDate "2020.08.07"]
[EventType "swiss"]
[EventCountry "SVK"]
[SourceTitle "playchess.com"]
[Source "ChessBase"]
[SourceQuality "1"]
[TimeControl "40/5400+30:1800+30"]

1. d4 Nf6 2. Nf3 c5 3. d5 b5 4. c4 b4 5. Nbd2 d6 6. e4 e5 7. Bd3 Be7 8. O-O O-O 9. Re1 Nbd7 10. Nf1 a5 11. Ne3 g6 12. Nf1 Ba6 13. Bh6 Re8 14. Ng3 Ng4 15. Bd2 h5 16. h3 Ngf6 17. Bg5 Nxd5 18. cxd5 Bxg5 19. Bxa6 Rxa6 20. Qa4 Bh6 21. Nf1 Nf6 22. Qb5 Qb6 23. Qd3 Rb8 24. N3d2 Qb5 25. Nc4 Ne8 26. g4 hxg4 27. hxg4 Ra7 28. b3 Qd7 29. Qh3 Bg5 30. Nfe3 Nf6 31. Kg2 Raa8 32. Rh1 Kg7 33. f3 Rh8 34. Qg3 Bf4 35. Qf2 Qc7 36. Rag1 Rxh1 37. Rxh1 a4 38. Qh4 axb3 39. a4 bxa3 40. Nf5+ gxf5 41. g5 Ng8 42. Qh8+ Kf8 43. Rh7 Ke7 44. Rxf7+ Kxf7 45. Qh7+ Kf8 46. Qxc7 Bxg5 47. Qb7 Ra4 48. Qxb3 Rb4 49. Qxa3 Rxc4 50. Qa8+ Kf7 51. exf5 Be7 52. Qc8 Nf6 53. Qe6+ Kf8 54. Qc8+ Ne8 55. Qe6 Rf4 56. Qh6+ Ng7 57. Kf2 Rxf5 58. Qh8+ Kf7 59. Ke2 Bf8 60. Qh3 Be7 61. Qh8 Rf4 62. Qc8 Rd4 63. Qb7 Nf5 64. Qd7 Kf6 65. Qe6+ Kg5 66. Qg8+ Kf6 67. Qe6+ Kg5 68. Qg8+ Kh6 69. Qe6+ 1/2-1/2

[Event "Int SVK-ch Open 2020"]
[Site "Drienica"]
[Date "2020.08.09"]
[Round "3.7"]
[White "Majek, Kacper"]
[Black "Macko, Michal"]
[Result "1/2-1/2"]
[ECO "D27"]
[WhiteElo "1970"]
[BlackElo "2148"]
[Annotator "ChessBase"]
[PlyCount "92"]
[EventDate "2020.08.07"]
[EventType "swiss"]
[EventCountry "SVK"]
[SourceTitle "playchess.com"]
[Source "ChessBase"]
[SourceQuality "1"]
[TimeControl "40/5400+30:1800+30"]

1. d4 Nf6 2. c4 e6 3. Nc3 d5 4. Nf3 c5 5. e3 a6 6. a3 dxc4 7. Bxc4 b5 8. Be2 Bb7 9. O-O Nbd7 10. dxc5 Bxc5 11. b4 Be7 12. Bb2 O-O 13. Qb3 Qb6 14. Rfd1 Rac8 15. Rab1 Qa7 16. a4 bxa4 17. Qxa4 Nb6 18. Qa1 Nc4 19. b5 Nxb2 20. Qxb2 a5 21. b6 Qb8 22. Nb5 Bb4 23. Ne5 Be4 24. Rbc1 Rxc1 25. Rxc1 Qxb6 26. Nd4 Qb7 27. f3 Bd5 28. e4 Qb8 29. Nd3 Ba8 30. Nxb4 axb4 31. Rb1 Qa7 32. Kf1 Rb8 33. Nb5 Qe3 34. Qb3 Qf4 35. g3 Qe5 36. Qxb4 Bc6 37. Rc1 Bxb5 38. Qxb5 Qxb5 39. Bxb5 g5 40. Rc5 g4 41. Kf2 h5 42. Ke3 Ra8 43. fxg4 hxg4 44. Be2 Ra2 45. Rg5+ Kf8 46. Bxg4 Rxh2 1/2-1/2

[Event "Int SVK-ch Open 2020"]
[Site "Drienica"]
[Date "2020.08.09"]
[Round "3.7"]
[White "Antal, Jakub"]
[Black "Sedlak, Mikulas"]
[Result "1-0"]
[ECO "A21"]
[WhiteElo "1939"]
[BlackElo "1573"]
[Annotator "ChessBase"]
[PlyCount "65"]
[EventDate "2020.08.07"]
[EventType "swiss"]
[EventCountry "SVK"]
[SourceTitle "playchess.com"]
[Source "ChessBase"]
[SourceQuality "1"]
[TimeControl "40/5400+30:1800+30"]

1. c4 e5 2. Nc3 c5 3. g3 Nc6 4. Bg2 Nf6 5. d3 Be7 6. Nf3 d6 7. O-O O-O 8. a3 Bd7 9. Ne1 Qc8 10. Nc2 Bh3 11. e4 Bxg2 12. Kxg2 a6 13. Ne3 Nd4 14. f4 Nd7 15. Ncd5 Bd8 16. f5 f6 17. Bd2 Rf7 18. Rf2 Nb8 19. Qh5 Qd7 20. Kh1 Nb3 21. Rg1 Nxd2 22. Rxd2 Nc6 23. g4 Nd4 24. Rg3 h6 25. Rdg2 b5 26. h4 Ra7 27. g5 fxg5 28. hxg5 Nxf5 29. Nxf5 Rxf5 30. exf5 Qxf5 31. Qe8+ Qf8 32. Qxf8+ Kxf8 33. gxh6 1-0

[Event "Int SVK-ch Open 2020"]
[Site "Drienica"]
[Date "2020.08.09"]
[Round "3.8"]
[White "Durica, Daniel"]
[Black "Frink, Ferenc"]
[Result "0-1"]
[ECO "A50"]
[WhiteElo "1937"]
[BlackElo "2075"]
[Annotator "ChessBase"]
[PlyCount "42"]
[EventDate "2020.08.07"]
[EventType "swiss"]
[EventCountry "SVK"]
[SourceTitle "playchess.com"]
[Source "ChessBase"]
[SourceQuality "1"]
[TimeControl "40/5400+30:1800+30"]

1. d4 Nf6 2. c4 Nc6 3. Nc3 e5 4. d5 Ne7 5. Bg5 Ng6 6. a3 Bc5 7. Bxf6 Qxf6 8. e3 a5 9. Rb1 Qe7 10. Nb5 d6 11. b4 Bb6 12. c5 dxc5 13. d6 cxd6 14. Nxd6+ Kf8 15. Bc4 Be6 16. Bxe6 Rd8 17. bxc5 Bxc5 18. Rxb7 Qxe6 19. Nf3 Qxd6 20. Qc2 Qc6 21. Qb2 Bb4+ 0-1

[Event "Int SVK-ch Open 2020"]
[Site "Drienica"]
[Date "2020.08.09"]
[Round "3.8"]
[White "Striskova, Lucia"]
[Black "Belis, Rudolf"]
[Result "1-0"]
[ECO "B28"]
[WhiteElo "1706"]
[BlackElo "1924"]
[Annotator "ChessBase"]
[PlyCount "40"]
[EventDate "2020.08.07"]
[EventType "swiss"]
[EventCountry "SVK"]
[SourceTitle "playchess.com"]
[Source "ChessBase"]
[SourceQuality "1"]
[TimeControl "40/5400+30:1800+30"]

1. e4 c5 2. Nf3 a6 3. Nc3 b5 4. d4 cxd4 5. Nxd4 Bb7 6. Bd3 Nf6 7. O-O b4 8. e5 bxc3 9. exf6 cxb2 10. fxe7 bxa1=Q 11. exd8=Q+ Kxd8 12. Bg5+ f6 13. Qxa1 fxg5 14. Nf5 Rg8 15. Bc4 d5 16. Qd4 Nd7 17. Bxd5 Bc5 18. Qd2 Bxd5 19. Qxd5 Kc7 20. Nxg7 Rh8 1-0

[Event "Int SVK-ch Open 2020"]
[Site "Drienica"]
[Date "2020.08.09"]
[Round "3.9"]
[White "Orsag, Milan"]
[Black "Bednar, Jan"]
[Result "1/2-1/2"]
[ECO "E34"]
[WhiteElo "2300"]
[BlackElo "2018"]
[Annotator "ChessBase"]
[PlyCount "59"]
[EventDate "2020.08.07"]
[EventType "swiss"]
[EventCountry "SVK"]
[SourceTitle "playchess.com"]
[Source "ChessBase"]
[SourceQuality "1"]
[TimeControl "40/5400+30:1800+30"]

1. d4 Nf6 2. c4 e6 3. Nc3 Bb4 4. Qc2 d5 5. e3 O-O 6. Bd3 Nbd7 7. Nf3 c5 8. O-O cxd4 9. exd4 dxc4 10. Bxc4 Nb6 11. Bb3 Bd7 12. Ne5 Rc8 13. Qd3 Nbd5 14. Bd2 Be7 15. Rfe1 Bc6 16. Rad1 Qd6 17. Qh3 Rfd8 18. Bg5 Be8 19. Qf3 h6 20. Bc1 Bf8 21. h3 a6 22. Qg3 Kh8 23. Qh4 Kg8 24. Rd3 Nb4 25. Rg3 Nh7 26. Bxh6 Qxd4 27. Re4 Qd6 28. Bxg7 Bxg7 29. Qh6 Qf8 30. Reg4 1/2-1/2

[Event "Int SVK-ch Open 2020"]
[Site "Drienica"]
[Date "2020.08.09"]
[Round "3.9"]
[White "Durica, Andrej"]
[Black "Strapec, Lukas"]
[Result "1/2-1/2"]
[ECO "B21"]
[WhiteElo "1911"]
[BlackElo "1525"]
[Annotator "ChessBase"]
[PlyCount "126"]
[EventDate "2020.08.07"]
[EventType "swiss"]
[EventCountry "SVK"]
[SourceTitle "playchess.com"]
[Source "ChessBase"]
[SourceQuality "1"]
[TimeControl "40/5400+30:1800+30"]

1. e4 c5 2. d4 cxd4 3. c3 d3 4. Bxd3 Nc6 5. Nf3 g6 6. O-O Bg7 7. c4 d6 8. h3 Nf6 9. Nc3 O-O 10. Be3 Nd7 11. Rc1 Nde5 12. Nxe5 Bxe5 13. f4 Bd4 14. Bxd4 Nxd4 15. Bb1 Nc6 16. Qd2 b6 17. Rcd1 Bb7 18. b3 Qc8 19. Nd5 Rd8 20. f5 Rd7 21. fxg6 hxg6 22. Rf4 Ne5 23. Rh4 Qf8 24. Rf1 Qg7 25. Bc2 f6 26. Bd1 Kf7 27. Bg4 Nxg4 28. Rxg4 Rc8 29. Qe3 Rcd8 30. h4 Ke8 31. Nf4 Qf7 32. Nxg6 Qh7 33. Rf5 Rc8 34. Nf4 Rc5 35. Nd5 Bxd5 36. cxd5 Rdc7 37. Qg3 Rc1+ 38. Kh2 R7c3 39. Rf3 R3c2 40. Rg7 Qxe4 41. Rg8+ Kd7 42. Qh3+ f5 43. Rxf5 Kc7 44. Rc8+ Kb7 45. Rxc2 Rxc2 46. h5 Rxg2+ 47. Qxg2 Qxf5 48. Qh3 Qf2+ 49. Kh1 Qe1+ 50. Kg2 Qe2+ 51. Kg3 Qe3+ 52. Kh4 Qf4+ 53. Qg4 Qf2+ 54. Kh3 Qf1+ 55. Qg2 Qf5+ 56. Kh4 Qf4+ 57. Qg4 Qf2+ 58. Kh3 Qf1+ 59. Kh2 Qf2+ 60. Qg2 Qh4+ 61. Qh3 Qf2+ 62. Kh1 Qe1+ 63. Kg2 Qe2+ 1/2-1/2

[Event "Int SVK-ch Open 2020"]
[Site "Drienica"]
[Date "2020.08.09"]
[Round "3.10"]
[White "Juhar, Roman"]
[Black "Sankova, Stella"]
[Result "1-0"]
[ECO "D39"]
[WhiteElo "2225"]
[BlackElo "1990"]
[Annotator "RC"]
[PlyCount "105"]
[EventDate "2020.08.07"]
[EventType "swiss"]
[EventCountry "SVK"]
[SourceTitle "playchess.com"]
[Source "ChessBase"]
[SourceQuality "1"]
[TimeControl "40/5400+30:1800+30"]

1. d4 Nf6 2. c4 e6 3. Nf3 d5 4. Bg5 Bb4+ 5. Nc3 dxc4 6. e4 c5 7. e5 cxd4 8. exf6 gxf6 9. Bh4 Nc6 10. a3 Ba5 11. Nxd4 Nxd4 12. Bxc4 Nf5 13. Bxf6 Qxf6 14. Qa4+ Bd7 15. Qxa5 b6 16. Qa6 Qe5+ 17. Be2 Nd4 18. O-O-O Rc8 19. Rhe1 O-O 20. Qd3 Nb5 21. Qxh7+ Kxh7 22. Bd3+ Kg7 23. Rxe5 Nxc3 24. bxc3 Rxc3+ 25. Kb2 Rfc8 26. Ba6 Rc2+ 27. Kb1 Rxf2 28. Bxc8 Bxc8 29. Rg5+ Kf6 30. h4 Bb7 31. g3 Be4+ 32. Ka1 Rf3 33. Kb2 Bd5 34. a4 Rb3+ 35. Kc2 Rb4 36. Ra1 a5 37. Rg8 Bb3+ 38. Kc3 Bxa4 39. h5 Rb3+ 40. Kd2 Bc6 41. Rc1 Bd5 42. h6 Be4 43. Rf1+ Ke7 44. Rf4 Rb2+ 45. Kc3 Rh2 46. Rxe4 Rxh6 47. Rb8 Rg6 48. g4 e5 49. Rxe5+ Kd6 50. Re4 Kd5 51. Rf4 Kc5 52. Rf8 b5 53. R8xf7 1-0

[Event "Int SVK-ch Open 2020"]
[Site "Drienica"]
[Date "2020.08.09"]
[Round "3.10"]
[White "Cisarik, Pavol"]
[Black "Geffert, Anton"]
[Result "0-1"]
[ECO "B52"]
[WhiteElo "1635"]
[BlackElo "1909"]
[Annotator "ChessBase"]
[PlyCount "52"]
[EventDate "2020.08.07"]
[EventType "swiss"]
[EventCountry "SVK"]
[SourceTitle "playchess.com"]
[Source "ChessBase"]
[SourceQuality "1"]
[TimeControl "40/5400+30:1800+30"]

1. e4 c5 2. Nf3 d6 3. Bb5+ Bd7 4. Bxd7+ Nxd7 5. c4 Ngf6 6. Nc3 e6 7. O-O Be7 8. d4 cxd4 9. Qxd4 O-O 10. Bg5 h6 11. Bxf6 Nxf6 12. Rad1 a6 13. Rfe1 Qc7 14. b3 Rfd8 15. Na4 b5 16. cxb5 axb5 17. Rc1 Qa5 18. Nc3 d5 19. e5 b4 20. Na4 Ne4 21. Rc6 Rac8 22. Rec1 Nc3 23. R1xc3 bxc3 24. Qxc3 Qa8 25. Nd4 Bb4 26. Qc2 Rxc6 0-1

[Event "Int SVK-ch Open 2020"]
[Site "Drienica"]
[Date "2020.08.09"]
[Round "3.11"]
[White "Brnusak, Tomas"]
[Black "Hros, Roman"]
[Result "1-0"]
[ECO "A37"]
[WhiteElo "2044"]
[BlackElo "2199"]
[Annotator "ChessBase"]
[PlyCount "59"]
[EventDate "2020.08.07"]
[EventType "swiss"]
[EventCountry "SVK"]
[SourceTitle "playchess.com"]
[Source "ChessBase"]
[SourceQuality "1"]
[TimeControl "40/5400+30:1800+30"]

1. e4 c5 2. Nf3 Nc6 3. c4 e5 4. Nc3 d6 5. d3 g6 6. g3 Bg7 7. Bg2 Nge7 8. O-O O-O 9. a3 h6 10. Rb1 a5 11. Bd2 f5 12. Nd5 a4 13. b4 axb3 14. Rxb3 Nxd5 15. cxd5 Ne7 16. Qa1 Ra4 17. Re1 c4 18. Rb4 Rxb4 19. Bxb4 cxd3 20. Nd2 f4 21. Qc3 b5 22. Ba5 Qd7 23. Qc7 Bf6 24. Qxd7 Bxd7 25. Bb4 fxg3 26. hxg3 Rc8 27. Bf1 Bg5 28. Bxd3 Kf7 29. Nf3 Rc1 30. Nxg5+ 1-0

[Event "Int SVK-ch Open 2020"]
[Site "Drienica"]
[Date "2020.08.09"]
[Round "3.11"]
[White "Janik, Marek Tobias"]
[Black "Zahradnik, Vladimir"]
[Result "1/2-1/2"]
[ECO "A22"]
[WhiteElo "1549"]
[BlackElo "1874"]
[Annotator "NA"]
[PlyCount "114"]
[EventDate "2020.08.07"]
[EventType "swiss"]
[EventCountry "SVK"]
[SourceTitle "playchess.com"]
[Source "ChessBase"]
[SourceQuality "1"]
[TimeControl "40/5400+30:1800+30"]

1. c4 e5 2. Nc3 Nf6 3. g3 d5 4. cxd5 Nxd5 5. Bg2 Nb6 6. Nf3 Nc6 7. a3 a5 {[%emt 0:02:28] A29: English Opening: Four Knights Variation with 4 g3.} 8. d3 Be7 9. Be3 Be6 10. Rc1 {[%emt 0:02:36] [#]} f6 $146 ({Predecessor:} 10... Nd5 11. Nxd5 Bxd5 12. Qa4 O-O 13. O-O Re8 14. Rfe1 {½-½ (14) Lorens Ristovic,L (2078)-Jovanovic,Z (2169) Belgrade 2019}) 11. Ne4 Nd7 12. Nc5 Nxc5 13. Bxc5 a4 14. d4 e4 15. Ng1 f5 16. e3 O-O 17. Bxe7 Nxe7 18. Ne2 Bb3 19. Qd2 Nd5 20. O-O c6 21. Nf4 Nf6 22. Rc3 Qe8 23. Re1 g5 24. Ne2 Bd5 25. Rcc1 Qe6 26. Nc3 Bb3 27. f4 gxf4 28. gxf4 Kh8 29. Kh1 Rg8 30. Rg1 Rg6 31. Bh3 Rag8 32. Qf2 Ng4 33. Bxg4 Rxg4 34. Rxg4 Rxg4 35. Rg1 Rxg1+ 36. Kxg1 b5 37. Qh4 h6 38. Kf2 Bc4 39. Qg3 Qf6 40. Ke1 Bf7 41. Kd2 Qe7 42. Qh3 Qf6 43. Qg3 Kh7 44. Qh3 Kg7 45. Qg2+ Kf8 46. Qg3 Ke7 47. Qg2 Kd7 48. Qf1 Bc4 49. Qh3 Kd6 50. Qh5 Kd7 51. Qh3 Kc7 52. Qh5 Bf7 53. Qh3 Kb6 54. Qf1 Bc4 55. Qc1 Ka5 56. Qg1 Bd3 57. Qg8 $11 Bc4 1/2-1/2

[Event "Int SVK-ch Open 2020"]
[Site "Drienica"]
[Date "2020.08.09"]
[Round "3.12"]
[White "Sevcikova, Lucia"]
[Black "Ivanecka, Natalia"]
[Result "1-0"]
[ECO "C57"]
[WhiteElo "2017"]
[BlackElo "1641"]
[Annotator "ChessBase"]
[PlyCount "103"]
[EventDate "2020.08.07"]
[EventType "swiss"]
[EventCountry "SVK"]
[SourceTitle "playchess.com"]
[Source "ChessBase"]
[SourceQuality "1"]
[TimeControl "40/5400+30:1800+30"]

1. e4 e5 2. Nf3 Nc6 3. Bc4 Nf6 4. Ng5 d5 5. exd5 Nd4 6. c3 b5 7. Bf1 Nxd5 8. cxd4 Qxg5 9. Bxb5+ Bd7 10. Bxd7+ Kxd7 11. O-O Nf4 12. Qf3 Bd6 13. dxe5 Qxe5 14. g3 Ne2+ 15. Kh1 f5 16. Nc3 Nd4 17. Qd5 g5 18. Qxe5 Bxe5 19. f4 gxf4 20. gxf4 Bd6 21. d3 Rhg8 22. Bd2 Rg4 23. Rae1 Rag8 24. Nd5 R8g6 25. Bc3 c5 26. Ne3 Rxf4 27. Rxf4 Bxf4 28. Bxd4 cxd4 29. Nxf5 Ra6 30. a3 Ra4 31. Re7+ Kc6 32. Re4 Bc1 33. Nxd4+ Kb6 34. Re6+ Kc7 35. Rc6+ Kd7 36. Rxc1 Rxd4 37. Rc3 Kd6 38. Kg2 Rf4 39. Rc4 Rf7 40. h3 Kd5 41. b4 h6 42. Kg3 Rf1 43. Rc7 Rd1 44. Rxa7 Rxd3+ 45. Kg4 Kc4 46. Ra6 h5+ 47. Kh4 Kb5 48. Ra5+ Kc4 49. b5 Rd5 50. a4 Kb4 51. Ra6 Re5 52. b6 1-0